 Dungeon Crawl Stone Soup version 0.27-a0-1202-ge72e49191c (webtiles) character file.

Game seed: 11095089893487229665

108 27snakeeyes612 the Skirmisher (level 4, -1/42 HPs)
             Began as a Naga Fighter on June 3, 2021.
             Slain by a hound (2 damage)
             ... on level 3 of the Dungeon.
             The game lasted 00:01:35 (2673 turns).

27snakeeyes612 the Skirmisher (Naga Fighter)        Turns: 2673, Time: 00:01:36

Health: -1/42      AC:  5    Str: 20    XL:     4   Next: 87%
Magic:  4/4        EV:  5    Int:  8    God:
Gold:   125        SH:  9    Dex: 10    Spells: 3/3 levels left

rFire    x x .     SeeInvis +   a - +0 war axe
rCold    + + .     Faith    .   c - +0 kite shield
rNeg     . . .     Spirit   .   b - +0 scale mail
rPois    +         Reflect  .   (no helmet)
rElec    .         Harm     .   (no cloak)
rCorr    .         Rampage  .   (no gloves)
Will     .....                  (no barding)
Stlth    ..........             (no amulet)
HPRegen  0.14/turn              l - ring of ice
MPRegen  0.09/turn              q - ring of ice

@: very slow
A: AC +1, large, see invisible, deformed body, poison resistance, slowness 2,
spit poison 1, naga tail 1
a: Spit Poison


You were on level 3 of the Dungeon.
You visited 1 branch of the dungeon, and saw 3 of its levels.

You collected 125 gold pieces.

Inventory:

Hand Weapons
 a - a +0 war axe (weapon)
Armour
 b - a +0 scale mail (worn)
 c - a +0 kite shield (worn)
Jewellery
 l - a ring of ice (left hand)
 m - an amulet of magic regeneration
 q - a ring of ice (right hand)
 t - a ring of magical power
 w - an amulet of regeneration
Wands
 u - a wand of paralysis (11)
Scrolls
 e - a scroll of blinking {unknown}
 f - 3 scrolls of identify {unknown}
 i - a scroll of magic mapping {unknown}
 j - a scroll of summoning {unknown}
 p - 2 scrolls of teleportation {unknown}
 r - a scroll of brand weapon {unknown}
 s - a scroll of amnesia {unknown}
 v - a scroll of enchant weapon {unknown}
Potions
 d - a potion of might
 g - 2 potions of lignification {unknown}
 h - 2 potions of cancellation {unknown}
 k - 2 potions of heal wounds {unknown}
 n - a potion of invisibility {unknown}
 o - a potion of brilliance {unknown}


   Skills:
 + Level 3.4 Fighting
 + Level 3.2 Axes
 + Level 3.1 Armour
 + Level 0.4 Dodging
 + Level 0.2 Stealth
 + Level 2.9 Shields


You had 3 spell levels left.
You didn't know any spells.
Your spell library was empty.

Dungeon Overview and Level Annotations

Branches:
Dungeon (3/15)

Altars:


Innate Abilities, Weirdness & Mutations

Your serpentine skin is tough. (AC +1)
You have supernaturally acute eyesight. (SInv)
Armour fits poorly on your strangely shaped body.
Your system is resistant to poisons. (rPois)
You cover ground very slowly.
You can spit poison.
You have a snake-like lower body.


Message History

You slash the hobgoblin!
You kill the hobgoblin!
A hobgoblin comes into view.
The hobgoblin shouts!
You see here a hobgoblin corpse.
The hobgoblin hits you.
* * * LOW HITPOINT WARNING * * *
Items here: ( ))) †.
A hobgoblin is nearby!
You hit the hobgoblin.
You kill the hobgoblin!
Things that are here:
a hobgoblin corpse; a hobgoblin corpse You start resting.
A hound comes into view.
A hound is nearby!
A hound is nearby!
You are too injured to fight recklessly!
You are too injured to fight recklessly!
A hound is nearby!
You are too injured to fight recklessly!
The hound barks!
You block the hound's attack.
Things that are here:
a +0 club; a goblin corpse You closely miss the hound.
You block the hound's attack. The hound barely misses you.
You closely miss the hound. You block the hound's attack.
The hound bites you but does no damage.
You miss the hound. The hound bites you.
* * * LOW HITPOINT WARNING * * *
The hound bites you.
* * * LOW HITPOINT WARNING * * *
You closely miss the hound. You block the hound's attack.
The hound bites you but does no damage. The hound bites you.
* * * LOW HITPOINT WARNING * * *
You slash the hound!
The hound is almost dead.
The hound bites you but does no damage. The hound bites you.
You die...

..............####.#.....#.#
########.......# #.##.#....#
....# #...........##.#######
....# #........## #.......###
....# ##......#.# #.####....#
....# #......##.## #.# #..#.#
....###......##).####.#######.#
......†..<...'.)h)†...........#
......†......###@†###.#########
........###+## ##.# #.#
....##### #..##.# ##### ##.##.#
..... ....# #...# ...# ...#


You could see a hound.

Vanquished Creatures
  A hound (D:2)
  Robin (D:3)
  A dart slug (D:1)
  4 orcs (D:3)
  2 bats
  5 endoplasms
  9 hobgoblins
  6 jackals
  4 ball pythons
  A frilled lizard (D:1)
  12 goblins
  10 rats
56 creatures vanquished.

Notes
Turn   | Place    | Note
-------+----------+-------------------------------------------
     0 | D:1      | 27snakeeyes612 the Naga Fighter began the quest for the
                  | Orb.
     0 | D:1      | Reached XP level 1. HP: 21/21 MP: 1/1
   204 | D:1      | Reached XP level 2. HP: 24/28 MP: 2/2
   749 | D:1      | Found a faded altar of an unknown god.
  1398 | D:2      | Reached XP level 3. HP: 21/34 MP: 3/3
  1683 | D:2      | Reached XP level 4. HP: 39/42 MP: 4/4
  2623 | D:3      | Noticed Robin
  2631 | D:3      | Killed Robin
  2671 | D:3      | HP: 2/42 [hound (2)]
  2673 | D:3      | Slain by a hound

Illustrated notes

Levels and vault maps discovered:
D:1:      psy_arrival_radial01, layout_basic,
          ebering_ecumenical_altar_sacrificial, minmay_circled_x
D:2:      layout_basic
D:3:      layout_basic, uniq_robin

Skill      XL: |  1  2  3  4 |
---------------+-------------+-----
Armour         | 3 |  3.1
Axes           | 3 |  3.2
Fighting       | |  3.4
Dodging        | |  0.4
Stealth        | |  0.2
Shields        | |  2.9

Action                   |  1- 3 |  4- 6 || total
-------------------------+-------+-------++-------
Melee: War axe           |    76 |    57 ||   133
Armor: Scale mail        |    28 |    27 ||    55
Dodge: Dodged            |    24 |    18 ||    42
Block: Kite shield       |    41 |    28 ||    69

Table legend: (Time is in decaauts)
 A = Elapsed time spent in this place.
 B = Non-inter-level travel time spent in this place.
 C = Inter-level travel time spent in this place.
 D = Time resting spent in this place.
 E = Time spent auto-exploring this place.
 F = Levels seen in this place.
 G = Mean time per level.
                   A        B        C        D        E       F      G
               +--------+--------+--------+--------+--------+-----+--------+
         Total |   3482 |   3399 |     83 |     19 |   3013 |   3 | 1160.7 |
       Dungeon |   3482 |   3399 |     83 |     19 |   3013 |   3 | 1160.7 |
               +--------+--------+--------+--------+--------+-----+--------+

Top non-repeatable levels by time:
     D:1: 1557 daAuts
     D:2: 1288 daAuts
     D:3: 637 daAuts
